 Dungeon Crawl Stone Soup version 0.29-a0-838-g385bb11a5b (webtiles) character file.

Game seed: 14919369186266280908

57 zeratav the Stinger (level 4, -3/27 HPs)
             Began as an Octopode Venom Mage on July 13, 2022.
             Slain by an orc
             ... wielding a +0 dagger
              (5 damage)
             ... on level 4 of the Dungeon.
             The game lasted 00:02:23 (2479 turns).

zeratav the Stinger (Octopode Venom Mage)           Turns: 2479, Time: 00:02:23

Health: -3/27      AC:  1    Str: 13    XL:     4   Next: 0%
Magic:  7/7        EV: 13    Int: 19    God:
Gold:   20         SH:  0    Dex: 12    Spells: 6/7 levels left

rFire   . . .      SeeInvis .   b - +0 dagger {short}
rCold   . . .      Faith    .   (no shield)
rNeg    . . .      Spirit   .   (helmet restricted)
rPois   .          Reflect  .   (no amulet)
rElec   .          Harm     .   o - +6 ring of strength
rCorr   .          Rampage  .   (no ring)
Will    .....                   (no ring)
Stlth   ++++......              (no ring)
HPRegen 0.09/turn               (no ring)
MPRegen 0.10/turn               (no ring)
                                (no ring)
                                (no ring)

@: no status effects
A: almost no armour, amphibious, 8 rings, camouflage 1, gelatinous body 1,
(nimble swimmer 1), tentacles
a: no special abilities


You were on level 4 of the Dungeon.
You visited 1 branch of the dungeon, and saw 4 of its levels.

You collected 98 gold pieces.
You spent 78 gold pieces at shops.


Innate Abilities, Weirdness & Mutations

You cannot wear most types of armour.
You are amphibious.
You can wear up to eight rings at the same time.
Your skin changes colour to match your surroundings (Stealth+).
Your rubbery body absorbs attacks. (AC +1, EV +1)
((You are camouflaged when in or above water. (Stealth+)))
You have tentacles for arms and can constrict up to eight enemies at once.


   Skills:
 - Level 2.0 Dodging
 + Level 4.5 Stealth
 - Level 2.0 Spellcasting
 - Level 1.0 Transmutations
 + Level 4.8 Poison Magic


You had 6 spell levels left.
You knew the following spells:

 Your Spells              Type           Power      Damage    Failure   Level
a - Sting                 Tmut/Pois      48%        1d5       5%          1

Your spell library contained the following spells:

 Spells                   Type           Power      Damage    Failure   Level
 Poisonous Vapours        Pois/Air       22%        N/A       10%         2
 Olgreb's Toxic Radiance  Pois           20%        N/A       24%         4
 Mephitic Cloud           Conj/Pois/Air  7%         N/A       26%         3
 Ozocubu's Armour         Ice            1%         N/A       45%         3
 Blade Hands              Tmut           2%         N/A       97%         5
 Irradiate                Conj/Tmut      1%         3d12      98%         5
 Dragon Form              Tmut           2%         N/A       100%        7
 Ozocubu's Refrigeration  Ice            0%         4d5       100%        7

Inventory:

Hand Weapons
 b - a +0 dagger (weapon) {short}
   (You took it off a goblin on level 1 of the Dungeon)
Jewellery
 h - a ring of ice
   (You found it on level 3 of the Dungeon)
 o - a +6 ring of strength (left tentacle)
   (You found it on level 2 of the Dungeon)
Wands
 q - a wand of roots (8)
   (You found it on level 3 of the Dungeon)
Scrolls
 c - a scroll of fog
 e - 2 scrolls of magic mapping {!r}
 i - 3 scrolls of teleportation {@r4}
 p - a scroll of immolation {unknown}
 r - a scroll of identify {@r1}
Potions
 a - 2 potions of magic
 d - a potion of heal wounds {@q2}
 f - a potion of cancellation
 g - a potion of flight
 j - 2 potions of haste {unknown}
 k - a potion of curing {unknown}
 l - a potion of lignification {unknown}
 m - a potion of ambrosia {unknown}
 n - a potion of berserk rage {unknown}

Dungeon Overview and Level Annotations

Branches:
Dungeon (4/15) Zot: 21521
 Temple: D:4-7

Altars:
Fedhas
Zin

Shops:
D:2

? ### # #.. ..
#.# .## #.#
.... .## #.#
.....
.....##.#......
#..o@o..._..
##...#......
#...# .....
#..#.# ....
#W$..# .##
..##.. .. .#.
##. . #.#. #


You could see a phantom and 2 orcs.


Message History

You now have enough gold to buy a scroll of blinking on this level.
You can access your shopping list by pressing '$'.
You now have 98 gold pieces (gained 15).
Done exploring.
Done exploring.
There is an entrance to Pury's Magic Scroll Shop here.
h - 4 scrolls of identify (gained 1);
h - 5 scrolls of identify (gained 1)
h - 6 scrolls of identify (gained 1) Thank you for shopping at Pury's Magic Scroll Shop!
You can access your shopping list by pressing '$'.
(D) Dungeon
Where to? (Enter - D:2 @ (x,y), ? - help)
There is a stone staircase leading down here.
You climb downwards.
There is a stone staircase leading up here.
As you read the scroll of identify {@r1}, it crumbles to dust.
c - a scroll of fog
As you read the scroll of identify {@r1}, it crumbles to dust.
e - 2 scrolls of magic mapping
As you read the scroll of identify {@r1}, it crumbles to dust.
i - 3 scrolls of teleportation
As you read the scroll of identify {@r1}, it crumbles to dust.
d - a potion of heal wounds
As you read the scroll of identify {@r1}, it crumbles to dust.
f - a potion of cancellation
As you read the scroll of identify {@r1}, it crumbles to dust.
g - a potion of flight
Okay, then.
Found a stone staircase leading down.
h - a ring of ice
k - a red potion A dart slug comes into view.
Found an escape hatch in the ceiling.
A dart slug is nearby!
A dart slug is nearby!
The helpless dart slug fails to defend itself.
You puncture the dart slug!
You kill the dart slug!
No target in view!
No target in view!
Okay, then.
You see here 4 stones {throwing}.
You open the door.
There is an open door here.
You open the door.
Found a stone staircase leading up.
A worm comes into view.
The helpless worm fails to defend itself.
You puncture the worm! Your grab misses the worm. You squeeze the worm.
You kill the worm!
You have reached level 4!
HP[+6] MP[+1]
You now have 27 max hp (+6).
Your hp is fully restored (27).
Your mp is fully restored (7).
p - a scroll labelled VAPTENKOABB You see here a +0 plate armour.
a - 2 potions of magic (gained 1)
j - 2 coppery potions (gained 1)
Found a stone staircase leading down.
q - a wand of roots (8)
r - a scroll of identify {@r1}
Found an escape hatch in the floor.
You see here a +0 scale mail.
An orc comes into view. It is wielding a +0 club.
There is an escape hatch in the floor here.
An orc is nearby!
An orc and an orc wizard come into view.
An orc priest comes into view. It is wielding a +0 dagger.
The orc shouts!
The orc priest shouts!
The orc wizard shouts!
There is an escape hatch in the floor here.
The orc barely misses you.
There is an escape hatch in the floor here.
The orc priest mumbles some strange prayers to Beogh against you.
Beogh smites you!
Ouch! That really hurt!
* * * LOW HITPOINT WARNING * * *
The orc hits you with a +0 dagger.
* * * LOW HITPOINT WARNING * * *
The orc hits you with a +0 club.
* * * LOW HITPOINT WARNING * * *
You slide downwards.
The hatch slams shut behind you.
Found 6 gold pieces.
Found a glowing silver altar of Zin.
HP[-19]
You take 19 damage, and now have 8/27 hp.
MASSIVE DAMAGE!! (PAUSE)
You completely miss the orc. Your grab misses the orc.
Your squeeze misses the orc. The orc closely misses you. The orc misses you.
HP[+1]
You hit the orc but do no damage. You grab the orc.
You constrict the orc, but do no damage.
The orc hits you with a +0 dagger.
* * * LOW HITPOINT WARNING * * *
The orc hits you with a +0 club.
* * * LOW HITPOINT WARNING * * *
HP[-7]
You take 7 damage, and now have 2/27 hp.
MASSIVE DAMAGE!! (PAUSE)
You hit the orc but do no damage. You constrict the orc.
The orc hits you with a +0 dagger.
You die...

Skill      XL: |  1  2  3 |
---------------+----------+-----
Stealth        | 3 4 |  4.5
Poison Magic   | 4 |  4.8
Dodging        | |  2.0
Spellcasting   | |  2.0
Transmutations | |  1.0

Action                   |  1- 3 |  4- 6 || total
-------------------------+-------+-------++-------
Melee: Dagger            |    60 |     3 ||    63
       Constrict         |    17 |     1 ||    18
       Tentacles         |    11 |       ||    11
       Unarmed           |     2 |       ||     2
 Cast: Sting             |    18 |       ||    18
  Use: Scroll            |     6 |       ||     6
 Stab: Sleeping          |    13 |       ||    13
Armor: Skin              |     8 |       ||     8
Dodge: Dodged            |    37 |     3 ||    40

Levels and vault maps discovered:
D:1:      scummos_arrival_hexagon, layout_basic
D:2:      layout_rooms, serial_shops, shop, basic_altar, serial_curves,
          eino_curves_01, eino_curves_01
D:3:      layout_basic, ebering_ecumenical_altar_mist, minmay_vboxes,
          uniq_crazy_yiuf_cottage
D:4:      layout_rooms, old_standard_altar, mainiacjoe_overflow_alcove_4

Notes
Turn   | Place    | Note
-------+----------+-------------------------------------------
     0 | D:1      | zeratav the Octopode Venom Mage began the quest for the
                  | Orb.
     0 | D:1      | Reached XP level 1. HP: 11/11 MP: 3/3
     0 | D:1      | magus.rc [v1.9.6]
    84 | D:1      | Reached skill level 3 in Stealth
   201 | D:1      | Reached XP level 2. HP: 17/17 MP: 5/5
   246 | D:1      | Reached skill level 4 in Poison Magic
   340 | D:1      | You add the spells Ozocubu's Armour and Ozocubu's
                  | Refrigeration to your library.
   704 | D:1      | Reached XP level 3. HP: 21/21 MP: 2/6
   903 | D:1      | You pick up a book of Transfigurations {@e2} and begin
                  | reading...
   903 | D:1      | You add the spells Irradiate, Blade Hands and Dragon Form
                  | to your library.
   928 | D:1      | Reached skill level 4 in Stealth
  1108 | D:1      | You fall into a shaft and drop 1 floor!
  1573 | D:2      | Identified the +1 leather armour "Ryxteovo" {Will+}
  1588 | D:2      | Found Pury's Magic Scroll Shop.
  2091 | D:2      | Found a blossoming altar of Fedhas.
  2303 | D:2      | Bought a scroll of identify for 26 gold pieces
  2303 | D:2      | Bought a scroll of identify for 26 gold pieces
  2303 | D:2      | Bought a scroll of identify for 26 gold pieces
  2389 | D:3      | Reached XP level 4. HP: 27/27 MP: 7/7
  2476 | D:4      | Noticed a phantom
  2476 | D:4      | Found a glowing silver altar of Zin.
  2478 | D:4      | HP: 6/27 [orc/+0 dagger (3)]
  2478 | D:4      | HP: 2/27 [orc/+0 club (4)]
  2479 | D:4      | Slain by an orc

Vanquished Creatures
  2 worms
  3 dart slugs
  7 bats
  3 endoplasms
  3 giant cockroaches (D:1)
  5 goblins
  4 hobgoblins
  5 kobolds
  A quokka (D:2)
  4 ball pythons
  2 frilled lizards (D:1)
  A rat (D:1)
40 creatures vanquished.

Table legend:
 A = Non-vault XP
 B = Vault XP
 C = Vault XP percentage of total XP
 D = Non-vault monster count
 E = Vault monster count
 F = Vault count percentage of total count
                 A         B        C        D         E       F
            +---------+---------+-------+---------+---------+-------
      Total |      82 |       0 |   0.0 |      40 |       0 |   0.0
            +---------+---------+-------+---------+---------+-------
        D:1 |      49 |       0 |   0.0 |      25 |       0 |   0.0
        D:2 |      24 |       0 |   0.0 |      13 |       0 |   0.0
        D:3 |       9 |       0 |   0.0 |       2 |       0 |   0.0
            +---------+---------+-------+---------+---------+-------

Illustrated notes

Table legend:
 A = Kills in this place as a percentage of kills in entire the game.
 B = Kills by you in this place as a percentage of kills by you in the entire game.
 C = Kills by friends in this place as a percentage of kills by friends in the entire game.
 D = Other kills in this place as a percentage of other kills in the entire game.
 E = Experience gained in this place as a percentage of experience gained in the entire game.
 F = Experience gained in this place divided by the number of levels of this place that you have seen.
                   A       B       C       D       E      F
               +-------+-------+-------+-------+-------+----------------------
         Total | 100.0 | 100.0 |   N/A |   N/A | 100.0 |  20.5
       Dungeon | 100.0 | 100.0 |   N/A |   N/A | 100.0 |  20.5
               +-------+-------+-------+-------+-------+----------------------

Table legend: (Time is in decaauts)
 A = Elapsed time spent in this place.
 B = Non-inter-level travel time spent in this place.
 C = Inter-level travel time spent in this place.
 D = Time resting spent in this place.
 E = Time spent auto-exploring this place.
 F = Levels seen in this place.
 G = Mean time per level.
                   A        B        C        D        E       F      G
               +--------+--------+--------+--------+--------+-----+--------+
         Total |   2477 |   2391 |     86 |    200 |   1903 |   4 |  619.2 |
       Dungeon |   2477 |   2391 |     86 |    200 |   1903 |   4 |  619.2 |
               +--------+--------+--------+--------+--------+-----+--------+

Top non-repeatable levels by time:
     D:1: 1465 daAuts
     D:2: 843 daAuts
     D:3: 165 daAuts
     D:4: 2 daAuts
